 Dungeon Crawl Stone Soup version 0.19.1-1-g22dce08 (webtiles) character file.

5576 Lahna the Carver (level 10, -24/83 HPs)
             Began as a Minotaur Fighter on Jan 12, 2017.
             Was a Believer of Makhleb.
             Annihilated by a hill giant
             ... wielding a +0 giant spiked club
              (30 damage)
             ... on level 10 of the Dungeon.
             The game lasted 00:16:28 (7192 turns).

Lahna the Carver (Minotaur Fighter)                 Turns: 7192, Time: 00:16:28

Health: -24/83     AC: 19    Str: 24    XL:     10   Next: 44%
Magic:  9/9        EV:  6    Int:  5    God:    Makhleb [**....]
Gold:   649        SH: 19    Dex:  8    Spells: 0 memorised, 9 levels left

rFire  . . .     SeeInvis .     a - +0 long sword
rCold  . . .     Gourm    .     B - +7 chain mail "Feomex" {MR+}
rNeg   . . .     Faith    .     i - +2 large shield
rPois  .         Spirit   .     (helmet restricted)
rElec  .         Reflect  .     (no cloak)
rCorr  +         Harm     +     (no gloves)
MR     ++...     Rnd*Rage +     (no boots)
Stlth  ..........               s - amulet of harm
                                t - ring of resist corrosion
                                J - ring of protection from magic

@: no status effects
A: retaliatory headbutt, horns 2, molten scales 1, berserk 1, clumsy 1
a: Minor Destruction, Renounce Religion


You were on level 10 of the Dungeon.
You worshipped Makhleb.
Makhleb was pleased with you.
You were not hungry.

You visited 2 branches of the dungeon, and saw 11 of its levels.

You collected 649 gold pieces.

Inventory:

Hand Weapons
 a - a +0 long sword (weapon)
 H - a +0 falchion
Armour
 i - a +2 large shield (worn)
 B - the +7 chain mail "Feomex" (worn) {MR+}
   (You found it on level 7 of the Dungeon)

   It affects your resistance to hostile enchantments.
Jewellery
 s - an amulet of harm (around neck)
 t - a ring of resist corrosion (right hand)
 y - an uncursed ring of protection from magic
 D - an uncursed ring of flight
 J - a ring of protection from magic (left hand)
Wands
 q - a wand of lightning (5/15)
 G - a wand of polymorph (4/24)
Scrolls
 c - 2 scrolls of amnesia
 e - 4 scrolls of remove curse
 n - 8 scrolls of identify
 o - 4 scrolls of teleportation {unknown}
 v - 4 scrolls of random uselessness
 w - a scroll of fog {unknown}
 A - a scroll of immolation {unknown}
 C - a scroll of holy word {unknown}
 E - a scroll of recharging {unknown}
 L - a scroll of fear {unknown}
Potions
 b - a potion of invisibility {unknown}
 d - 3 potions of might
 g - 6 potions of curing
 h - 2 potions of degeneration {unknown}
 j - 2 potions of lignification {unknown}
 p - 2 potions of agility
 r - 2 potions of cure mutation {unknown}
 u - 2 potions of heal wounds {unknown}
Books
 x - a book of Maledictions

   Spells                             Type                      Level
   a - Corona                         Hexes                        1
   b - Ensorcelled Hibernation        Hexes/Ice                    2
   c - Confuse                        Hexes                        3
   d - Tukima's Dance                 Hexes                        3
   e - Dazzling Spray                 Conjuration/Hexes            3
 F - a book of Changes

   Spells                             Type                      Level
   a - Beastly Appendage              Transmutation                1
   b - Sticks to Snakes               Transmutation                2
   c - Spider Form                    Transmutation/Poison         3
   d - Ice Form                       Ice/Transmutation            4
   e - Blade Hands                    Transmutation                5
Miscellaneous
 I - a disc of storms
Comestibles
 f - 12 bread rations
 k - 8 beef jerkies
 l - 6 meat rations
 m - 2 slices of pizza
 z - 8 fruits
 K - 2 chunks of flesh


   Skills:
 + Level 6.0 Fighting
 + Level 14.1 Long Blades
 + Level 6.3 Armour
 + Level 2.9 Dodging
 + Level 9.4 Shields


You had 9 spell levels left.
You didn't know any spells.

Dungeon Overview and Level Annotations

Branches:
Dungeon (10/15)            Temple (1/1) D:4            Lair (0/6) D:8
    Orc: D:9-12

Altars:
Cheibriados
Dithmenos
Elyvilon
Fedhas
Gozag
Makhleb
Ru
Sif Muna
Uskayaw
Xom
The Shining One
Jiyva

Shops:
D:10 }

Annotations:
D:7 1 runed door


Innate Abilities, Weirdness & Mutations

You reflexively headbutt those who attack you in melee.
You have a pair of horns on your head.
You are partially covered in molten scales. (AC +2)
You tend to lose your temper in combat.
You are clumsy. (Dex -2)


Message History

The hill giant hits you with a giant spiked club!!
* * * LOW HITPOINT WARNING * * *
You feel better.
The hill giant hits you with a giant spiked club!
* * * LOW HITPOINT WARNING * * *
You see here a throwing net.
A bullfrog comes into view.
You block the bullfrog's attack. x2
Some of the chunks of flesh in your inventory have rotted away.
Found a dagger.
You closely miss the bullfrog. You headbutt the bullfrog!
The bullfrog is heavily wounded.
The hill giant hits you but does no damage.
You block the bullfrog's attack.
You slash the bullfrog!
You kill the bullfrog!
Makhleb accepts your kill.
Your Fighting skill increases to level 6!
The hill giant hits you with a giant spiked club!!
You die...

#≈≈≈≈≈##
##..###..##
##≈≈≈##
##..#..##
##.# ##.#..#
#. #....# #.
##.#.# #.
#.#.# #...#
###C# #@#
#.# ..F
.....
.......
.......).
..........#
######.#####


You could see a hill giant and a bullfrog (wandering).

Vanquished Creatures
  The ghost of matthes123 the Severer, a novice MiGl of Hepliaklqana (D:9)
  Pikel (D:6)
  2 trolls (D:9)
  3 yaks (D:9)
  An orc warrior (D:8)
  A sky beast (D:7)
  3 phantoms
  5 ogres
  4 centaurs
  3 crocodiles
  A big kobold (D:6)
  6 bullfrogs
  The ghost of fatfloppyjuicyveiny the Conjurer, an amateur TeWz (D:3)
  5 killer bees (D:9)
  An electric eel (D:9)
  A howler monkey (D:6)
  3 crimson imps
  8 jellies
  A quasit (D:9)
  3 hounds
  A centaur skeleton (D:5)
  7 orc priests
  2 bullfrog skeletons (D:8)
  7 iguanas
  5 worker ants
  2 orc wizards
  2 worker ant zombies
  4 gnolls (D:5)
  2 river rats (D:8)
  7 adders
  3 shadow imps
  An ooze (D:4)
  An adder zombie (D:5)
  3 worms (D:2)
  2 dart slugs
  4 leopard geckos
  16 orcs
  9 bats
  6 giant cockroaches
  5 goblins
  4 hobgoblins
  4 jackals
  11 kobolds
  3 quokkas
  7 frilled lizards
  A giant cockroach zombie (D:5)
  A jackal zombie (D:7)
  A leopard gecko zombie (D:5)
  2 quokka skeletons
  12 rats
189 creatures vanquished.

Vanquished Creatures (others)
  A slave (D:6)
  A centaur (D:6)
  An adder (D:6)
  2 jackals (D:9)
  A quokka zombie (D:6)
  2 fungi (D:8)
8 creatures vanquished.

Grand Total: 197 creatures vanquished

Notes
Turn   | Place    | Note
-------+----------+-------------------------------------------
     0 | D:1      | Lahna the Minotaur Fighter began the quest for the Orb.
     0 | D:1      | Reached XP level 1. HP: 19/19 MP: 0/0
    71 | D:1      | Reached skill level 3 in Long Blades
    79 | D:1      | Reached XP level 2. HP: 26/26 MP: 1/1
   445 | D:1      | Reached skill level 4 in Long Blades
   767 | D:2      | Reached XP level 3. HP: 30/31 MP: 2/2
   977 | D:2      | Reached skill level 5 in Long Blades
  1006 | D:2      | Found a shimmering altar of Xom.
  1278 | D:2      | Reached XP level 4. HP: 39/39 MP: 3/3
  1431 | D:3      | Noticed fatfloppyjuicyveiny's ghost (amateur TeWz)
  1444 | D:3      | Killed fatfloppyjuicyveiny's ghost
  1444 | D:3      | Reached skill level 6 in Long Blades
  1444 | D:3      | Reached XP level 5. HP: 22/45 MP: 4/4
  1690 | D:3      | Reached skill level 7 in Long Blades
  1892 | D:3      | Gained mutation: You are clumsy. (Dex -2) [potion of mutation]
  1892 | D:3      | Gained mutation: You tend to lose your temper in combat. [potion of mutation]
  1892 | D:3      | Gained mutation: You are partially covered in molten scales. (AC +2) [potion of mutation]
  2259 | D:4      | Reached XP level 6. HP: 47/51 MP: 5/5
  2334 | D:4      | Reached skill level 8 in Long Blades
  2410 | D:4      | Found a staircase to the Ecumenical Temple.
  2719 | D:5      | Entered Level 5 of the Dungeon
  2725 | D:5      | Reached skill level 9 in Long Blades
  2729 | D:5      | Reached XP level 7. HP: 57/57 MP: 6/6
  2950 | D:5      | Reached skill level 10 in Long Blades
  3469 | D:5      | Reached skill level 11 in Long Blades
  3535 | D:6      | Noticed Pikel
  3568 | D:6      | Killed Pikel
  3568 | D:6      | Reached skill level 12 in Long Blades
  3568 | D:6      | Reached XP level 8. HP: 30/64 MP: 7/7
  3833 | D:6      | Found a glowing golden altar of the Shining One.
  4425 | D:6      | Reached skill level 13 in Long Blades
  4425 | D:6      | Reached skill level 1 in Dodging
  4652 | D:7      | Reached XP level 9. HP: 61/71 MP: 8/8
  4949 | D:7      | Found a runed door.
  5311 | D:7      | Got an ichor-stained chain mail
  5322 | D:7      | Identified the +7 chain mail "Feomex" {MR+} (You found it on level 7 of the Dungeon)
  5547 | Temple   | Entered the Ecumenical Temple
  5598 | Temple   | Became a worshipper of Makhleb the Destroyer
  5676 | D:7      | Reached skill level 5 in Shields
  5801 | D:8      | Found a hide-covered altar of Uskayaw.
  5814 | D:8      | Reached skill level 5 in Armour
  5853 | D:8      | Found a shadowy altar of Dithmenos.
  6085 | D:8      | Reached * piety under Makhleb
  6293 | D:8      | Found a staircase to the Lair.
  6322 | D:9      | Noticed matthes123's ghost (novice MiGl)
  6338 | D:9      | Killed matthes123's ghost
  6338 | D:9      | Reached skill level 5 in Fighting
  6338 | D:9      | Reached XP level 10. HP: 67/81 MP: 9/9
  6379 | D:9      | Reached skill level 14 in Long Blades
  6941 | D:9      | Found a viscous altar of Jiyva.
  7110 | D:10     | Entered Level 10 of the Dungeon
  7113 | D:10     | Reached ** piety under Makhleb
  7151 | D:10     | Found a glowing golden altar of the Shining One.
  7163 | D:10     | Found Siustyxkie's Gadget Boutique.
  7163 | D:10     | Noticed a hill giant
  7174 | D:10     | HP: 2/83 [hill giant/giant spiked club (19)]
  7192 | D:10     | Annihilated by a hill giant

Skill      XL: |  1  2  3  4  5  6  7  8  9 10 |
---------------+-------------------------------+-----
Long Blades    | 3 4 5 6 7 9 12 13 14 | 14.1
Dodging        | 1 2 |  2.9
Armour         | 4 5 6 |  6.3
Shields        | 4 8 9 |  9.4
Fighting       | 5 6 |  6.0

Action                   |  1- 3 |  4- 6 |  7- 9 | 10-12 || total
-------------------------+-------+-------+-------+-------++-------
Melee: Long sword        |   110 |    78 |   368 |   114 ||   670
       Headbutt          |    14 |    17 |    74 |    14 ||   119
  Use: Potion            |       |     1 |       |     1 ||     2
       Scroll            |       |       |     4 |       ||     4
  Eat: Chunk             |     1 |     5 |    12 |     3 ||    21
Armor: Scale mail        |    34 |    21 |    36 |       ||    91
       Chain mail        |       |       |    31 |    57 ||    88
Dodge: Dodged            |    21 |    13 |    27 |    21 ||    82
Block: Shield            |    15 |       |       |       ||    15
       Large shield      |    83 |    54 |   263 |   126 ||   526
       Rpst.: Long sword |     7 |     3 |     5 |     7 ||    22
